 Dungeon Crawl Stone Soup version 0.28.0-43-g3370ac3207 (webtiles) character file.

Game seed: 8568021119784450637

1394 mortz the Conjurer (level 8, -10/48 HPs)
             Began as an Octopode Conjurer on Mar 29, 2022.
             Was a Follower of Vehumet.
             Mangled by an orc warrior
             ... wielding a +0 battleaxe
              (16 damage)
             ... on level 5 of the Dungeon.
             The game lasted 00:33:46 (7806 turns).

mortz the Conjurer (Octopode Conjurer)              Turns: 7806, Time: 00:33:47

Health: -10/48     AC:  1    Str:  6    XL:     8   Next: 68%
Magic:  18/25      EV: 13    Int: 22    God:    Vehumet [*.....]
Gold:   6          SH:  0    Dex: 11    Spells: 7/17 levels left

rFire   . . .      SeeInvis +   K - +1 hand axe (flame) {axe}
rCold   . . .      Faith    .   (no shield)
rNeg    . . .      Spirit   .   (helmet restricted)
rPois   .          Reflect  .   (no amulet)
rElec   .          Harm     .   a - ring of see invisible
rCorr   .          Rampage  .   y - +4 ring of slaying
Will    .....                   M - ring of magical power
Stlth   +++.......              (no ring)
HPRegen 0.16/turn               (no ring)
MPRegen 0.19/turn               (no ring)
                                (no ring)
                                (no ring)

@: mighty
A: almost no armour, amphibious, 8 rings, camouflage 1, gelatinous body 1,
(nimble swimmer 1), tentacles
a: Renounce Religion


You were on level 5 of the Dungeon.
You worshipped Vehumet.
Vehumet was aware of your devotion.
You visited 2 branches of the dungeon, and saw 7 of its levels.

You collected 266 gold pieces.
You spent 260 gold pieces at shops.


Innate Abilities, Weirdness & Mutations

You cannot wear most types of armour.
You are amphibious.
You can wear up to eight rings at the same time.
Your skin changes colour to match your surroundings (Stealth+).
Your rubbery body absorbs attacks. (AC +1, EV +1)
((You are camouflaged when in or above water. (Stealth+)))
You have tentacles for arms and can constrict up to eight enemies at once.


   Skills:
 + Level 1.5 Fighting
 + Level 0.7 Short Blades
 + Level 0.5 Axes
 + Level 3.1 Dodging
 + Level 4.4 Stealth
 + Level 5.4 Spellcasting
 + Level 6.5 Conjurations
 * Level 1.0 Translocations
 + Level 3.6 Air Magic
 + Level 4.0 Poison Magic


You had 7 spell levels left.
You knew the following spells:

 Your Spells              Type           Power      Damage    Failure   Level
a - Magic Dart            Conj           100%       1d8       1%          1
b - Searing Ray           Conj           68%        2d6       1%          2
c - Mephitic Cloud        Conj/Pois/Air  26%        N/A       4%          3
d - Iskenderun's Mystic   Conj/Tloc      22%        2d6       21%         4

Your spell library contained the following spells:

 Spells                   Type           Power      Damage    Failure   Level
 Shock                    Conj/Air       100%       1d9       1%          1
 Dazzling Flash           Conj/Hex       40%        N/A       8%          3
 Ignite Poison            Fire/Tmut/Pois 11%        N/A       17%         3
 Gell's Gravitas          Tloc           10%        N/A       19%         3
 Lesser Beckoning         Tloc           10%        N/A       19%         3
 Teleport Other           Tloc           10%        N/A       19%         3
 Portal Projectile        Hex/Tloc       16%        N/A       24%         3
 Fulminant Prism          Conj/Hex       10%        3d9       26%         4
 Freezing Cloud           Conj/Ice/Air   10%        6-21      54%         5
 Blade Hands              Tmut           2%         N/A       95%         5
 Excruciating Wounds      Necr           2%         N/A       95%         5
 Starburst                Conj/Fire      10%        6d5       98%         6

Inventory:

Hand Weapons
 c - a +0 dagger of venom {short}
   (You took it off a kobold on level 1 of the Dungeon)
 i - a +0 hunting sling {sling}
   (You took it off a goblin on level 2 of the Dungeon)
 o - a +0 mace of holy wrath {mace}
   (You found it on level 2 of the Dungeon)
 q - a +0 falchion {long}
   (You took it off an orc on level 3 of the Dungeon)
 r - a +1 vorpal hand axe {axe}
   (You took it off an orc on level 3 of the Dungeon)
 t - a +0 trident {polearm}
   (You took it off an orc on level 3 of the Dungeon)
 u - a +0 morningstar {mace}
   (You took it off an orc on level 3 of the Dungeon)
 G - a +0 vorpal scythe {polearm}
   (You took it off Sigmund on level 5 of the Dungeon)
 K - a +1 hand axe of flaming (weapon) {axe}
   (You found it on level 5 of the Dungeon)
Missiles
 g - 200 stones {throwing}
 h - 16 sling bullets
 j - 90 arrows
 p - 6 boomerangs {throwing}
 x - 17 bolts
Magical Staves
 v - a staff of air {!astaff}
   (You found it on level 4 of the Dungeon)
 F - a staff of conjuration {!a@e2staff}
   (You found it on level 5 of the Dungeon)
Jewellery
 a - a ring of see invisible (left tentacle)
   (You found it on level 3 of the Dungeon)
 y - a +4 ring of slaying (right tentacle)
   (You found it on level 4 of the Dungeon)
 M - a ring of magical power (on tentacle)
   (You bought it in a shop on level 4 of the Dungeon)
Wands
 n - a wand of digging (6)
   (You found it on level 2 of the Dungeon)
 E - a wand of acid (7)
   (You found it on level 5 of the Dungeon)
 H - a wand of polymorph (2)
   (You took it off Sigmund on level 5 of the Dungeon)
Scrolls
 b - a scroll of vulnerability {unknown}
 d - 3 scrolls of identify {unknown}
 e - a scroll of enchant weapon {unknown}
 f - 3 scrolls of teleportation {unknown}
 l - a scroll of summoning {unknown}
 w - a scroll of noise {unknown}
 C - a scroll of fog {unknown}
 J - a scroll of holy word {unknown}
 L - a scroll of torment {unknown}
Potions
 k - 2 potions of might
 m - 3 potions of curing {unknown}
 s - 3 potions of haste {unknown}
 z - a potion of attraction {unknown}
 A - 3 potions of flight {unknown}
 B - a potion of magic {unknown}
 D - a potion of degeneration {unknown}
 I - 2 potions of lignification {unknown}

Dungeon Overview and Level Annotations

Branches:
Dungeon (6/15)             Temple (1/1) D:5

Altars:
Ashenzari
Cheibriados
Dithmenos
Elyvilon
Fedhas
Hepliaklqana
Kikubaaqudgha
Makhleb
Nemelex Xobeh
Okawaru
Qazlal
Ru
Trog
Uskayaw
Vehumet
Wu Jian
Zin

Shops:
D:4 *[=

Annotations:
D:2 1 runed translucent door, Crazy Yiuf

#..................####
#. #.......#.###......#
## #.......#.# #......#
#.......#.# ##.....#
#..)......# #.....#
######.#..# #.....#
#.#..# #.....# #.#.o#
####### #...@# ######


You could see an orc warrior (corroded).


Message History

The orc wizard flickers and vanishes for a moment. 😎 MP[-2]
You lost 2 mp, and now have 23/25 mp.
The searing ray misses the gnoll.
The searing ray misses the orc wizard. 😎 MP[-1]
You lost 1 mp, and now have 22/25 mp.
The searing ray hits the gnoll!
You kill the gnoll!
Vehumet accepts your kill.
The searing ray hits the orc wizard!
You kill the orc wizard!
Vehumet accepts your kill.
Your Translocations skill increases to level 1! 😎 MP[-1]
You lost 1 mp, and now have 21/25 mp.
You start resting.
A gnoll is nearby! 😎 MP[+1]
You see here a +0 club {mace}.
Casting: Searing Ray (safe; 1% risk of failure)
Confirm with . or Enter, or press ? or * to list all spells.
Aiming: Searing Ray (safe; 1% risk of failure)
Press: ? - help, Shift-Dir - straight line, f - gnoll
Aim: a gnoll, wielding a +0 halberd (85% to hit)
You feel a surge of power!
The searing ray hits the gnoll! (Press . to maintain the ray.)
The orc warrior shouts! 😎 MP[-2]
You lost 2 mp, and now have 20/25 mp.
The searing ray hits the gnoll but does no damage.
The gnoll closely misses you. 😎 MP[-1]
You lost 1 mp, and now have 19/25 mp.
The searing ray hits the gnoll.
The gnoll barely misses you. 😎 MP[-1]
You lost 1 mp, and now have 18/25 mp.
The searing ray hits the orc warrior but does no damage.
The searing ray hits the gnoll!
You kill the gnoll!
Vehumet accepts your kill.
You finish channelling your searing ray.
The orc warrior barely misses you.
Casting: Searing Ray (safe; 1% risk of failure)
Confirm with . or Enter, or press ? or * to list all spells.
Aiming: Searing Ray (safe; 1% risk of failure)
Press: ? - help, Shift-Dir - straight line, f - orc warrior
Aim: an orc warrior, wielding a +0 battleaxe and wearing a +0 plate armour (83% to hit)
You feel a surge of power!
The searing ray hits the orc warrior but does no damage. (Press . to maintain the ray.)
The orc warrior hits you with a +0 battleaxe. 😕 HP[-5] MP[-2]
You take 5 damage, and now have 43/48 hp.
You lost 2 mp, and now have 16/25 mp.
The searing ray hits the orc warrior but does no damage.
The orc warrior hits you with a +0 battleaxe!!
Ouch! That really hurt!
* * * LOW HITPOINT WARNING * * *
You hear a shout! 😨 HP[-25] MP[-1]
You take 25 damage, and now have 18/48 hp.
MASSIVE DAMAGE!! (PAUSE)
You lost 1 mp, and now have 15/25 mp.
Unknown command. 😨 HP[+1]
An orc wizard comes into view.
It is wielding a +1 dagger of holy wrath. 😨 MP[+1]
Things that are here:
a +0 hand axe {axe}; a +0 ring mail of cold resistance
There is a stone staircase leading up here. 😨 MP[+1]
You climb upwards.
There is a stone staircase leading down here. 😨 HP[+1]
Aiming: Corrosive Bolt
Press: ? - help, Q - select action, (/) - cycle Shift-Dir - straight line, f - orc warrior
Aim: an orc warrior, wielding a +0 battleaxe and wearing a +0 plate armour (71% to hit)
The bolt of acid hits the orc warrior!
The acid corrodes the orc warrior!
The orc warrior misses you.
Aiming: Corrosive Bolt
Press: ? - help, Q - select action, (/) - cycle Shift-Dir - straight line, f/p - orc warrior
Aim: an orc warrior, wielding a +0 battleaxe and wearing a +0 plate armour (moderately wounded, covered in acid, 71% to hit)
The bolt of acid hits the orc warrior!
The orc warrior seems to be corroded for longer.
The orc warrior hits you with a +0 battleaxe!
* * * LOW HITPOINT WARNING * * *
😱 HP[-15]
You take 15 damage, and now have 5/48 hp.
MASSIVE DAMAGE!! (PAUSE)
You feel very mighty all of a sudden.
The orc warrior closely misses you. 😱 MP[+1] Really attack while wielding your staff of conjuration {!a@e2staff}?
Okay, then.
Your +1 hand axe of flaming {axe} bursts into flame!
K - a +1 hand axe of flaming (weapon)
{axe} The orc warrior misses you.
You barely miss the orc warrior. Your grab misses the orc warrior.
The orc warrior hits you with a +0 battleaxe!
You die...

Skill      XL: |  1  2  3  4  5  6  7  8 |
---------------+-------------------------+-----
Stealth        | 3 4 |  4.4
Conjurations   | 5 6 |  6.5
Poison Magic   | 1 2 3 4 |  4.0
Spellcasting   | 3 4 5 |  5.4
Air Magic      | 1 2 3 |  3.6
Fighting       | 1 |  1.5
Dodging        | 3 |  3.1
Translocations | 1 |  1.0
Short Blades   | |  0.7
Axes           | |  0.5

Action                   |  1- 3 |  4- 6 |  7- 9 || total
-------------------------+-------+-------+-------++-------
Melee: Dagger            |     4 |    14 |       ||    18
       Constrict         |     2 |     6 |     1 ||     9
       Punch             |     1 |     1 |       ||     2
       Tentacles         |       |     6 |     2 ||     8
       Hand axe          |       |     7 |     9 ||    16
 Cast: Magic Dart        |    56 |    33 |    48 ||   137
       Searing Ray       |     9 |    26 |    42 ||    77
Evoke: Wand              |       |       |     2 ||     2
  Use: Potion            |       |       |     2 ||     2
Armor: Skin              |       |     9 |     2 ||    11
Dodge: Dodged            |    11 |    36 |    41 ||    88

Levels and vault maps discovered:
D:1:      dpeg_arrival_shelter, layout_basic
D:2:      layout_basic, hellmonk_ecumenical_altar_inner_sanctum,
          hangedman_abyss_or_decor_stabs, uniq_crazy_yiuf_cottage
D:3:      layout_loops_ring, goddamned_bats
D:4:      layout_loops_ring, nicolae_overflow_hidden_temple, serial_shops,
          nicolae_diamond_shop, shop_fountains, nicolae_stop_n_shop_1
D:5:      lemuel_ratsnest, layout_basic, minmay_temple_entry_statues_pillars,
          uniq_sigmund
D:6:      cheibrodos_quashed, layout_loops_ring,
          nicolae_gozag_cash_rules_everything_around_me, uniq_maggie
Temple:   cyrus_circular_temple

Notes
Turn   | Place    | Note
-------+----------+-------------------------------------------
     0 | D:1      | mortz the Octopode Conjurer began the quest for the Orb.
     0 | D:1      | Reached XP level 1. HP: 11/11 MP: 3/3
     0 | D:1      | magus.rc [v1.9.6]
   530 | D:1      | Reached XP level 2. HP: 17/17 MP: 0/5
  1066 | D:2      | Learned a level 2 spell: Searing Ray
  1133 | D:2      | Reached skill level 3 in Stealth
  1429 | D:2      | You add the spells Ignite Poison, Mephitic Cloud and
                  | Freezing Cloud to your library.
  1470 | D:2      | Reached XP level 3. HP: 21/21 MP: 4/6
  1688 | D:2      | Found a faded altar of an unknown god.
  2253 | D:2      | Found a runed translucent door.
  2254 | D:2      | Noticed Crazy Yiuf
  2364 | D:2      | You pick up a book of Displacement and begin reading...
  2364 | D:2      | You add the spells Lesser Beckoning, Gell's Gravitas and
                  | Teleport Other to your library.
  2753 | D:3      | Reached XP level 4. HP: 27/27 MP: 6/8
  2809 | D:3      | Reached skill level 5 in Conjurations
  3117 | D:3      | Reached skill level 1 in Poison Magic
  3117 | D:3      | Reached XP level 5. HP: 31/31 MP: 6/9
  3121 | D:3      | Learned a level 3 spell: Mephitic Cloud
  3367 | D:3      | Reached skill level 3 in Spellcasting
  3623 | D:3      | Reached skill level 1 in Air Magic
  3924 | D:3      | Reached XP level 6. HP: 37/37 MP: 2/11
  4227 | D:4      | Found Iluxt's Jewellery Boutique.
  4247 | D:4      | Reached skill level 2 in Poison Magic
  4585 | D:4      | Reached skill level 1 in Fighting
  4724 | D:4      | Reached skill level 2 in Air Magic
  4724 | D:4      | Reached XP level 7. HP: 35/43 MP: 7/12
  4806 | D:4      | Reached skill level 4 in Spellcasting
  4863 | D:4      | Found Geuful's Assorted Antiques.
  4864 | D:4      | You pick up a book of Spectacle and begin reading...
  5053 | D:4      | Found Omal's Antique Armour Boutique.
  5209 | D:4      | Found a sacrificial altar of Ru.
  5210 | D:4      | Found a broken altar of Ashenzari.
  5353 | D:4      | Reached skill level 3 in Poison Magic
  5730 | D:4      | Found a white marble altar of Elyvilon.
  5732 | D:4      | Found a hide-covered altar of Uskayaw.
  6067 | D:5      | Entered Level 5 of the Dungeon
  6124 | D:5      | Noticed Sigmund
  6170 | D:5      | Found a staircase to the Ecumenical Temple.
  6290 | Temple   | Entered the Ecumenical Temple
  6306 | Temple   | Became a worshipper of Vehumet
  6418 | D:5      | You pick up a book of Weapons and begin reading...
  6418 | D:5      | You add the spells Portal Projectile, Excruciating Wounds
                  | and Blade Hands to your library.
  6551 | D:5      | Reached skill level 3 in Air Magic
  6754 | D:5      | Killed Sigmund
  6755 | D:5      | Reached skill level 6 in Conjurations
  6755 | D:5      | Reached XP level 8. HP: 48/48 MP: 10/15
  7051 | D:5      | Reached skill level 5 in Spellcasting
  7059 | D:5      | Reached skill level 4 in Poison Magic
  7064 | D:5      | HP: 12/48 [river rat (4)]
  7068 | D:5      | Reached skill level 3 in Dodging
  7319 | D:5      | Reached * piety under Vehumet
  7319 | D:5      | Offered knowledge of Shock by Vehumet.
  7322 | D:5      | Reached skill level 4 in Stealth
  7377 | D:5      | Learned a level 4 spell: Iskenderun's Mystic Blast
  7537 | D:4      | Bought a ring of magical power for 260 gold pieces
  7782 | D:6      | Reached skill level 1 in Translocations
  7803 | D:5      | HP: 5/48 [orc warrior/+0 battleaxe (15)]
  7806 | D:5      | Mangled by an orc warrior

Vanquished Creatures
  Sigmund (D:5)
  An ogre (D:6)
  2 phantoms (D:5)
  3 scorpions
  A vampire bat (D:3)
  An orc priest (D:3)
  2 gnoll shamans
  A centaur skeleton (D:4)
  3 jellies
  2 iguanas
  3 orc wizards
  13 gnolls
  4 adders
  6 river rats (D:5)
  An ufetubus (D:4)
  3 worms
  3 fire bats (D:3)
  17 orcs
  2 spectral bats (D:3)
  4 ball pythons
  3 bat skeletons (D:3)
  A bat zombie (D:3)
  6 endoplasms
  2 giant cockroaches (D:3)
  6 goblins
  9 hobgoblins
  6 jackals (D:5)
  8 quokkas
  16 bats
  A bat simulacrum (D:3)
  3 frilled lizards
  10 kobolds
  17 rats
161 creatures vanquished.

Table legend:
 A = Non-vault XP
 B = Vault XP
 C = Vault XP percentage of total XP
 D = Non-vault monster count
 E = Vault monster count
 F = Vault count percentage of total count
                 A         B        C        D         E       F
            +---------+---------+-------+---------+---------+-------
      Total |    1341 |     651 |  32.7 |     114 |      47 |  29.2
            +---------+---------+-------+---------+---------+-------
        D:1 |      21 |       0 |   0.0 |      15 |       0 |   0.0
        D:2 |      37 |       0 |   0.0 |      13 |       0 |   0.0
        D:3 |     133 |     174 |  56.7 |      31 |      20 |  39.2
        D:4 |     603 |       0 |   0.0 |      36 |       0 |   0.0
        D:5 |     288 |     477 |  62.4 |      11 |      27 |  71.1
        D:6 |     259 |       0 |   0.0 |       8 |       0 |   0.0
            +---------+---------+-------+---------+---------+-------

Illustrated notes

Table legend:
 A = Kills in this place as a percentage of kills in entire the game.
 B = Kills by you in this place as a percentage of kills by you in the entire game.
 C = Kills by friends in this place as a percentage of kills by friends in the entire game.
 D = Other kills in this place as a percentage of other kills in the entire game.
 E = Experience gained in this place as a percentage of experience gained in the entire game.
 F = Experience gained in this place divided by the number of levels of this place that you have seen.
                   A       B       C       D       E      F
               +-------+-------+-------+-------+-------+----------------------
         Total | 100.0 | 100.0 |   N/A |   N/A | 100.0 | 284.6
       Dungeon | 100.0 | 100.0 |   N/A |   N/A | 100.0 | 332.0
               +-------+-------+-------+-------+-------+----------------------

Table legend: (Time is in decaauts)
 A = Elapsed time spent in this place.
 B = Non-inter-level travel time spent in this place.
 C = Inter-level travel time spent in this place.
 D = Time resting spent in this place.
 E = Time spent auto-exploring this place.
 F = Levels seen in this place.
 G = Mean time per level.
                   A        B        C        D        E       F      G
               +--------+--------+--------+--------+--------+-----+--------+
         Total |   7797 |   7560 |    237 |   1279 |   5263 |   7 | 1113.9 |
       Dungeon |   7695 |   7458 |    237 |   1239 |   5226 |   6 | 1282.5 |
        Temple |    101 |    101 |      0 |     40 |     37 |   1 |  101.0 |
               +--------+--------+--------+--------+--------+-----+--------+

Top non-repeatable levels by time:
     D:3: 1898 daAuts
     D:4: 1733 daAuts
     D:5: 1506 daAuts
     D:2: 1382 daAuts
     D:1: 1123 daAuts
  Temple: 101 daAuts
     D:6: 52 daAuts
